 Dungeon Crawl Stone Soup version 0.18-a0-902-g8738618 (webtiles) character file.

24 Jmtri7 the Ruffian (level 3, -6/30 HPs)
             Began as a Formicid Monk on Dec 25, 2015.
             Mangled by an ogre
             ... wielding a +0 giant club
              (24 damage)
             ... on level 4 of the Dungeon.
             The game lasted 00:02:31 (625 turns).

Jmtri7 the Ruffian (Formicid Monk)                   Turns: 625, Time: 00:02:31

Health: -6/30      AC:  2    Str: 16    XL:     3   Next: 15%
Magic:  3/3        EV: 13    Int:  9    God:    Xom [..*...]
Gold:   9          SH:  0    Dex: 13    Spells: 0 memorised, 2 levels left

rFire  . . .     SeeInvis +     c - +0 spear
rCold  . . .     Gourm    .     a - +0 robe
rNeg   . . .     Faith    .     (no shield)
rPois  .         Spirit   .     (helmet unavailable)
rElec  .         Dismiss  .     (no cloak)
rCorr  .         Reflect  .     (no gloves)
SustAt .         Harm     .     (no boots)
MR     .....                    (no amulet)
Stlth  ++........               (no ring)
                                (no ring)

@: very slightly contaminated, invisible, not resistant to hostile enchantments,
unstealthy
A: permanent stasis, dig shafts and tunnels, four strong arms, antennae 3
a: Dig, Shaft Self, Renounce Religion


You were on level 4 of the Dungeon.
You worshipped Xom.
You were a toy of Xom.
You were not hungry.

You visited 1 branch of the dungeon, and saw 3 of its levels.

You collected 9 gold pieces.

Inventory:

Hand Weapons
 c - a +0 spear (weapon)
Armour
 a - a +0 robe (worn)
Scrolls
 d - a scroll of noise {unknown}
 e - 2 scrolls of teleportation {unknown}
 g - a scroll of identify {unknown}
Potions
 f - a potion of invisibility {unknown}
Comestibles
 b - a bread ration


   Skills:
 + Level 3.8 Fighting
 * Level 2.0 Armour
 - Level 2.6 Dodging
 - Level 2.4 Stealth
 - Level 4.0 Unarmed Combat


You had 2 spell levels left.
You didn't know any spells.

Dungeon Overview and Level Annotations

Branches:
Dungeon (1/15)

Altars:
Kikubaaqudgha
Makhleb
Xom


Innate Abilities, Weirdness & Mutations

You are under a permanent stasis effect.
You can dig through walls and to a lower floor.
Your four strong arms can wield two-handed weapons with a shield.
You have a pair of large antennae on your head (SInv).


Message History

The ogre closely misses you.
You closely miss the ogre.
The ogre is moderately wounded.
The ogre misses you.
You hit the ogre.
The ogre is heavily wounded.
The ogre closely misses you.
You hit the ogre but do no damage.
The ogre is heavily wounded.
You hit the ogre.
The ogre is severely wounded.
The ogre hits you with a giant club!
You hit the ogre but do no damage.
The ogre is severely wounded.
The ogre barely misses you.
You hit the ogre.
The ogre is almost dead.
The ogre hits you with a giant club!!
Ouch! That really hurt!
You die...

###.#
#+#...............#
..
.....O..........#
#.#
##..#..##...#### ..
##..##..# #..###.#
####.# #.#
#####8######.#
#8_.._.._8##.#
##§§.@..≈##..#
#§≈§O.≈≈##..#
##≈§.≈≈##O..#
##≈.≈##..#.#
#..##'##..##...
#........###....[
.....{..####
#...... .##.####.
{.##### # . ##


You could see an ogre.

Vanquished Creatures
  2 oozes
  4 bats (D:1)
  2 hobgoblins (D:1)
  2 jackals (D:4)
  2 giant newts (D:1)
  2 goblins (D:1)
  A kobold (D:1)
  A quokka (D:4)
  2 rats (D:1)
18 creatures vanquished.

Notes
Turn   | Place    | Note
--------------------------------------------------------------
     0 | D:1      | Jmtri7 the Formicid Monk began the quest for the Orb.
     0 | D:1      | Reached XP level 1. HP: 18/18 MP: 1/1
    39 | D:1      | Reached skill level 1 in Armour
    52 | D:1      | Reached XP level 2. HP: 12/24 MP: 2/2
   441 | D:1      | You fall through a shaft!
   496 | D:2      | You fall through a shaft for 2 floors!
   539 | D:4      | Reached XP level 3. HP: 21/30 MP: 3/3
   580 | D:4      | Noticed an ogre
   604 | D:4      | Found a shimmering altar of Xom.
   605 | D:4      | Found a burning altar of Makhleb.
   605 | D:4      | Found an ancient bone altar of Kikubaaqudgha.
   611 | D:4      | Became a worshipper of Xom of Chaos
   613 | D:4      | XOM: potion effect (invisibility)
   625 | D:4      | Mangled by an ogre

Vault maps used:
D:1:      lemuel_arrival_funnel, serial_glass, glass_columns_c, glass_columns_a
D:2:      first_bread
D:4:      gammafunk_temple_overflow_claw, temple_hall, uniq_robin

Action                   || total
-------------------------++-------
Melee: Unarmed           ||     5
       Spear             ||    55
 Abil: Shaft Self        ||     2
 Stab: Invisible         ||     2
       Sleeping          ||     2
